 Dungeon Crawl Stone Soup version 0.21-a0-251-g5e8393f (webtiles) character file.

18844 namelastname112 the Covert (level 13, -12/82 HPs)
             Began as a Kobold Assassin on Sept 5, 2017.
             Was a Follower of Uskayaw.
             Shot with an arrow by a centaur warrior (16 damage)
             ... on level 13 of the Dungeon.
             The game lasted 00:30:22 (17906 turns).

namelastname112 the Covert (Kobold Assassin)       Turns: 17906, Time: 00:30:23

Health: -12/82     AC:  8    Str: 10    XL:     13   Next: 0%
Magic:  18/18      EV: 24    Int: 14    God:    Uskayaw [*.....]
Gold:   848        SH:  0    Dex: 22    Spells: 12/12 levels left

rFire    . . .     SeeInvis .   G - +1 dagger (venom)
rCold    . . .     Gourm    .   (shield restricted)
rNeg     . . .     Faith    .   w - +0 troll leather armour
rPois    .         Spirit   .   r - +1 hat
rElec    .         Reflect  .   d - +1 cloak
rCorr    .         Harm     .   k - +0 pair of gloves
MR       .....                  (no boots)
Stlth    +++++++...             (no amulet)
HPRegen  0.63/turn              Q - ring of stealth
MPRegen  0.16/turn              W - ring of wizardry

@: about to teleport, berserk cooldown, slowed, very slow
A: agile 1, carnivore 3, clever 1, low mp 1
a: Stomp, Renounce Religion


You were on level 13 of the Dungeon.
You worshipped Uskayaw.
Uskayaw was aware of your devotion.
You were not hungry.

You visited 1 branch of the dungeon, and saw 13 of its levels.

You collected 848 gold pieces.

Inventory:

Hand Weapons
 b - a +0 blowgun
 G - a +1 dagger of venom (weapon)
Missiles
 e - 101 poisoned needles
 f - 2 curare-tipped needles
 C - 3 throwing nets (quivered)
Armour
 d - a +1 cloak (worn)
 k - a +0 pair of gloves (worn)
 r - a +1 hat (worn)
 w - a +0 troll leather armour (worn)
Jewellery
 o - an uncursed ring of protection from fire
 y - an uncursed ring of resist corrosion
 Q - a ring of stealth (left hand)
 T - an uncursed ring of ice
 W - a ring of wizardry (right hand)
Wands
 i - a wand of random effects (0/48)
 v - a wand of flame (0/48)
 E - a wand of disintegration (0/24)
 L - a wand of confusion (19/48)
 N - a wand of iceblast (7/15)
 P - a wand of lightning (1/15)
 R - a wand of flame (27/48)
Scrolls
 h - 7 scrolls of remove curse
 l - 2 scrolls of enchant weapon
 m - 2 scrolls of teleportation
 p - 2 scrolls of identify
 q - a scroll of amnesia
 t - 3 scrolls of magic mapping
 x - 5 scrolls of fear
 H - 2 scrolls of recharging
 K - a scroll of fog
Potions
 a - a potion of mutation
 n - 4 potions of lignification
 s - 3 potions of might
 u - a potion of berserk rage
 z - 4 potions of brilliance
 D - 2 potions of agility
 F - a potion of curing
 I - a potion of ambrosia
 J - a potion of haste
 V - a potion of flight
Books
 j - a book of Changes

   Spells                             Type                      Level
   a - Beastly Appendage              Transmutation                1
   b - Sticks to Snakes               Transmutation                2
   c - Spider Form                    Transmutation/Poison         3
   d - Ice Form                       Ice/Transmutation            4
   e - Blade Hands                    Transmutation                5
 M - a book of Flames

   Spells                             Type                      Level
   a - Flame Tongue                   Conjuration/Fire             1
   b - Throw Flame                    Conjuration/Fire             2
   c - Conjure Flame                  Conjuration/Fire             3
   d - Inner Flame                    Hexes/Fire                   3
   e - Sticky Flame                   Conjuration/Fire             4
   f - Fireball                       Conjuration/Fire             5
 S - a book of Misfortune

   Spells                             Type                      Level
   a - Confusing Touch                Hexes                        1
   b - Confuse                        Hexes                        3
   c - Gell's Gravitas                Translocation                3
   d - Petrify                        Transmutation/Earth          4
   e - Metabolic Englaciation         Hexes/Ice                    5
   f - Yara's Violent Unravelling     Hexes/Transmutation          5
Miscellaneous
 U - a lightning rod (2/4)
 X - a lamp of fire (inert)
Comestibles
 g - 6 meat rations
 A - a royal jelly


   Skills:
 + Level 10.2 Fighting
 + Level 12.3 Short Blades
 - Level 2.9 Throwing
 + Level 10.9 Dodging
 + Level 13.0 Stealth
 + Level 9.7 Invocations
 + Level 3.3 Evocations


You had 12 spell levels left.
You didn't know any spells.

Dungeon Overview and Level Annotations

Branches:
Dungeon (13/15)            Temple (0/1) D:7            Lair (0/6) D:10
    Orc (0/2) D:10         Vaults (0/5) D:13

Altars:
Cheibriados
Elyvilon
Fedhas
Gozag
Hepliaklqana
Kikubaaqudgha
Okawaru
Uskayaw
Xom
The Shining One

Portals:
Trove: D:10 (give 2 scrolls of acquirement)

Annotations:
D:13 Rupert


Innate Abilities, Weirdness & Mutations

You are small and have problems with some larger weapons.
You are carnivorous and can eat meat at any time.
You are agile. (Dex +2)
Your mind is acute. (Int +2)
Your magical capacity is low. (-10% MP)


Message History

As you read the scroll of teleportation, it crumbles to dust.
You feel strangely unstable.
The human begs, "Please don't kill me!"
You can no longer pass through a line of other dancers.
Your surroundings seem slightly different.
A purple ugly thing comes into view.
The purple ugly thing gurgles horribly!
The purple ugly thing stings you!
* * * LOW HITPOINT WARNING * * *
You take 13 damage, and have 2/82 hp.
As you read the scroll of fear, it crumbles to dust.
You assume a fearsome visage.
The purple ugly thing looks frightened!
The human looks frightened!
The human shouts!
The seven-headed hydra easily resists.
The hippogriff looks frightened!
The hippogriff screeches!
As you read the scroll of teleportation, it crumbles to dust.
You feel strangely unstable.
The centaur warrior wields a shortbow.
The centaur warrior shoots an arrow.
The arrow hits you!
You die...

........)...##.##.##.##......###.
.5..........## #. #.##.#####.#..
..p.p......pH. .. #.##.# ##...
...........##.### #)##.# #....
....p>...p.#u..#####(##.# ##...
....∩<..(......(ce.o(.(.# ##..
.........Z.#...)####.##.# ##.
.........a.##.#.####c##.# #.
................@.......# #.
............#........##.## #.
..#.....#######.%...D....# #.
..#.#.### #.....###..# #. . ....#
#.[...# #..# #. ###.###.###.D##
#. #............!# #.
...#...........######.
##.#......####.........


You could see a seven-headed hydra, a purple ugly thing (fleeing), a centaur
warrior, a hippogriff (fleeing), a human (fleeing) and a worker ant (wandering).

Vanquished Creatures
  A hydra (D:12)
  3 two-headed ogres
  A centaur warrior (D:13)
  A tengu warrior (D:13)
  An ugly thing (D:13)
  2 deep elf magi
  A manticore (D:11)
  A centaur zombie (D:12)
  A guardian mummy (D:10)
  A troll (D:13)
  Grinder (D:3)
  2 hippogriffs (D:12)
  A centaur simulacrum (D:13)
  2 shadows
  8 humans
  3 wraiths
  A wyvern (D:12)
  10 yaks
  3 hungry ghosts
  Grum (D:9)
  3 steam dragons
  4 wargs
  2 insubstantial wisps (D:8)
  An acid dragon (D:11)
  A water moccasin (D:11)
  4 orc warriors
  2 black bears
  A phantom (D:13)
  8 sky beasts
  A necrophage (D:12)
  3 ice beasts
  An eye of draining (D:12)
  7 ogres
  6 centaurs
  2 wolves
  A crocodile (D:10)
  6 bullfrogs
  A gnoll sergeant (D:5)
  A big kobold (D:13)
  A wyvern zombie (D:7)
  A scorpion (D:6)
  6 killer bees (D:13)
  A wight (D:9)
  5 howler monkeys
  3 jellies
  6 crimson imps
  3 bullfrog zombies
  A lava snake (D:10)
  3 centaur skeletons
  8 hounds
  7 orc wizards
  6 orc priests
  3 bullfrog skeletons
  Ijyb (D:3)
  4 iguanas
  9 worker ants
  A hound zombie (D:8)
  A hound skeleton (D:4)
  11 adders
  16 gnolls
  A worker ant zombie (D:5)
  4 shadow imps
  2 oozes
  An adder skeleton (D:6)
  3 adder zombies
  3 worms (D:2)
  3 dart slugs
  6 leopard geckos
  27 orcs
  2 giant cockroaches
  10 goblins
  4 hobgoblins
  10 jackals
  A quokka (D:9)
  10 bats
  5 frilled lizards
  A jackal skeleton (D:7)
  A jackal zombie (D:8)
  8 kobolds
  A quokka zombie (D:6)
  8 rats
308 creatures vanquished.

Vanquished Creatures (collateral kills)
  5 wights
5 creatures vanquished.

Vanquished Creatures (others)
  3 killer bees (D:11)
  2 orc priests (D:11)
  An adder (D:11)
  A shadow imp (D:11)
  4 orcs
11 creatures vanquished.

Grand Total: 324 creatures vanquished

Notes
Turn   | Place    | Note
-------+----------+-------------------------------------------
     0 | D:1      | namelastname112 the Kobold Assassin began the quest for the Orb.
     0 | D:1      | Reached XP level 1. HP: 12/12 MP: 1/1
   110 | D:1      | Reached XP level 2. HP: 18/18 MP: 2/2
   380 | D:1      | Reached XP level 3. HP: 18/22 MP: 3/3
  1162 | D:2      | Found a white marble altar of Elyvilon.
  1273 | D:2      | Reached XP level 4. HP: 26/27 MP: 4/4
  1470 | D:2      | Found a snail-covered altar of Cheibriados.
  1473 | D:2      | Found a hide-covered altar of Uskayaw.
  1476 | D:2      | Found a hazy altar of Hepliaklqana.
  1532 | D:2      | Became a worshipper of Uskayaw the Reveler
  1591 | D:3      | Noticed Grinder
  1599 | D:3      | Reached * piety under Uskayaw
  1607 | D:3      | Paralysed by Grinder for 3 turns
  1611 | D:3      | Gained mutation: Scrolls take you a little longer to read. [potion of mutation]
  1611 | D:3      | Gained mutation: You are somewhat resistant to further mutation. [potion of mutation]
  1612 | D:3      | Lost mutation: Scrolls take you a little longer to read. [potion of mutation]
  1612 | D:3      | Lost mutation: You are somewhat resistant to further mutation. [potion of mutation]
  1612 | D:3      | Gained mutation: Your flesh is heat resistant. (rF+) [potion of mutation]
  1612 | D:3      | Gained mutation: You have a pair of small antennae on your head. [potion of mutation]
  1612 | D:3      | Gained mutation: You are agile. (Dex +2) [potion of mutation]
  1612 | D:3      | Gained mutation: You are partially covered in yellow scales. (AC +2) [potion of mutation]
  1619 | D:3      | Paralysed by Grinder for 2 turns
  1628 | D:3      | Killed Grinder
  1628 | D:3      | Reached skill level 6 in Stealth
  1628 | D:3      | Reached skill level 1 in Invocations
  1628 | D:3      | Reached XP level 5. HP: 32/32 MP: 4/6
  1628 | D:3      | Reached XP level 6. HP: 37/37 MP: 4/7
  1628 | D:3      | Reached ** piety under Uskayaw
  1735 | D:3      | Noticed Ijyb
  1751 | D:3      | Killed Ijyb
  1811 | D:3      | Found an opulent altar of Gozag.
  1823 | D:3      | Found a faded altar of an unknown god.
  2080 | D:2      | Reached skill level 5 in Short Blades
  3123 | D:4      | Reached XP level 7. HP: 35/42 MP: 8/8
  3847 | D:4      | Reached skill level 7 in Stealth
  3931 | D:5      | Entered Level 5 of the Dungeon
  4093 | D:5      | Reached *** piety under Uskayaw
  4449 | D:6      | Reached XP level 8. HP: 7/48 MP: 2/10
  4459 | D:6      | HP: 2/48 [bullfrog zombie (6)]
  5861 | D:6      | Reached skill level 5 in Fighting
  5867 | D:6      | Reached skill level 5 in Dodging
  5875 | D:6      | Reached skill level 8 in Stealth
  6350 | D:5      | Reached XP level 9. HP: 11/54 MP: 8/12
  6721 | D:5      | Lost mutation: You have a pair of small antennae on your head. [mutagenic meat]
  6722 | D:5      | Lost mutation: You are partially covered in yellow scales. (AC +2) [mutagenic meat]
  6723 | D:5      | Gained mutation: Your mind is acute. (Int +2) [mutagenic meat]
  6724 | D:5      | Gained mutation: You are very agile. (Dex +4) [mutagenic meat]
  6836 | D:5      | Reached skill level 5 in Invocations
  6957 | D:5      | Found a blossoming altar of Fedhas.
  6960 | D:5      | Found an ancient bone altar of Kikubaaqudgha.
  7606 | D:7      | Reached skill level 9 in Stealth
  7683 | D:7      | Found a staircase to the Ecumenical Temple.
  7845 | D:7      | Found an iron altar of Okawaru.
  8409 | D:7      | Found a shimmering altar of Xom.
  9083 | D:8      | Reached XP level 10. HP: 57/61 MP: 12/14
  9171 | D:8      | Lost mutation: Your flesh is heat resistant. (rF+) [mutagenic meat]
  9172 | D:8      | Gained mutation: You possess an exceptional clarity of mind. [mutagenic meat]
  9173 | D:8      | Lost mutation: You possess an exceptional clarity of mind. [mutagenic meat]
  9174 | D:8      | Gained mutation: Your magical capacity is low. (-10% MP) [mutagenic meat]
  9175 | D:8      | Lost mutation: You are very agile. (Dex +4) [mutagenic meat]
  9675 | D:8      | Reached skill level 10 in Stealth
 10159 | D:9      | epen: https://www.youtube.com/watch?v=e28-303xWCM
 10159 | D:9      | Noticed Grum
 10402 | D:9      | Killed Grum
 10661 | D:9      | Found a glowing golden altar of the Shining One.
 11090 | D:10     | Entered Level 10 of the Dungeon
 11166 | D:10     | Found a staircase to the Orcish Mines.
 11477 | D:10     | Found a portal to a secret trove of treasure.
 11694 | D:10     | Found a shimmering altar of Xom.
 12138 | D:10     | Found a staircase to the Lair.
 12178 | D:9      | Reached XP level 11. HP: 24/68 MP: 14/14
 12648 | D:10     | Reached skill level 10 in Short Blades
 12859 | D:10     | Reached skill level 11 in Stealth
 13629 | D:11     | Noticed a manticore
 13755 | D:11     | Killed a manticore
 13916 | D:11     | Noticed a two-headed ogre
 13948 | D:11     | Killed a two-headed ogre
 14176 | D:11     | Noticed a two-headed ogre
 14210 | D:11     | Killed a two-headed ogre
 14957 | D:11     | Reached skill level 12 in Stealth
 15354 | D:12     | Noticed a deep elf mage
 15379 | D:12     | Killed a deep elf mage
 15732 | D:12     | Noticed a two-headed ogre
 15735 | D:12     | Killed a two-headed ogre
 15735 | D:12     | Reached skill level 10 in Dodging
 15735 | D:12     | Reached XP level 12. HP: 76/76 MP: 16/16
 15825 | D:12     | Noticed a four-headed hydra
 16343 | D:12     | Killed a four-headed hydra
 16506 | D:13     | Reached skill level 1 in Evocations
 16813 | D:13     | Noticed a seven-headed hydra
 16816 | D:13     | Noticed Rupert
 16818 | D:13     | Noticed a centaur warrior
 16841 | D:13     | Reached **** piety under Uskayaw
 16842 | D:13     | Found a gate to the Vaults.
 17222 | D:13     | Reached skill level 10 in Fighting
 17239 | D:13     | Noticed a tengu warrior
 17297 | D:13     | Killed a tengu warrior
 17831 | D:13     | Noticed a centaur warrior
 17892 | D:13     | Killed a centaur warrior
 17892 | D:13     | Reached skill level 13 in Stealth
 17892 | D:13     | Reached XP level 13. HP: 9/82 MP: 18/18
 17904 | D:13     | HP: 2/82 [purple ugly thing (13)]
 17906 | D:13     | Shot with an arrow by a centaur warrior

Vault maps used:
D:1:      minmay_arrival_nine_rooms, serial_corexii_hall,
          corexii_hall_statues_x, corexii_hall_statues_i,
          corexii_hall_statues_i, corexii_hall_statues_i, lemuel_old_faithful
D:2:      grunt_temple_overflow_diamond, elyvilon_altar_1
D:3:      minmay_door_path, chequers_ecumenical_altar_simple, first_bread,
          nicolae_gozag_seed_capital, uniq_ijyb, uniq_grinder
D:5:      kennysheep_steamy, grunt_temple_overflow_growth_and_decay,
          serial_glass, glass_columns_c, glass_columns_b,
          hangedman_minor_gate_pass
D:7:      minmay_temple_entry_glassed_door, basic_altar, grunt_ogre_cave,
          okawaru_ov_weapons_minmay
D:8:      hangedman_misty_isle
D:9:      lemuel_crystal_altar, uniq_grum
D:10:     erik_lair_orcish_takeover, david_orc_3,
          nicolae_trove_entry_path_of_doom, minivault_19,
          kennysheep_small_spiral, xom_teletrap_fun
D:11:     lemuel_flamethrower_2
D:13:     david_vaults_3

Skill      XL: |  1  2  3  4  5  6  7  8  9 10 11 12 |
---------------+-------------------------------------+-----
Short Blades   | 3 4 5 6 7 8 9 11 12 | 12.3
Fighting       | 3 4 5 6 8 9 10 | 10.2
Dodging        | 3 4 5 7 8 10 | 10.9
Stealth        | 6 7 8 9 10 12 13 | 13.0
Invocations    | 1 2 3 4 5 7 8 9 |  9.7
Evocations     | 3 |  3.3
Throwing       | |  2.9

Action                   |  1- 3 |  4- 6 |  7- 9 | 10-12 | 13-15 || total
-------------------------+-------+-------+-------+-------+-------++-------
Melee: Dagger            |    60 |       |   260 |  1249 |       ||  1569
       Whip              |    36 |   100 |   272 |       |       ||   408
 Fire: Blowgun           |       |       |     7 |       |       ||     7
Throw: Throwing net      |       |       |     1 |     1 |       ||     2
Invok: Stomp             |       |       |     3 |     7 |       ||    10
       Line Pass         |       |       |       |     4 |       ||     4
Evoke: Wand              |       |     2 |    14 |    10 |       ||    26
       Box of beasts     |       |       |       |     2 |       ||     2
       Lightning rod     |       |       |       |     4 |       ||     4
       Lamp of fire      |       |       |       |     1 |       ||     1
  Use: Potion            |       |     6 |     2 |     6 |       ||    14
       Scroll            |       |       |    12 |    10 |     5 ||    27
 Stab: Sleeping          |    10 |     7 |    16 |    37 |       ||    70
       Distracted        |       |     1 |     1 |     6 |       ||     8
       Paralysed         |       |       |     5 |    10 |       ||    15
       Held in net/web   |       |       |     1 |     1 |       ||     2
       Confused          |       |       |       |     4 |       ||     4
  Eat: Chunk             |     4 |     6 |    26 |    38 |       ||    74
       Royal jelly       |       |       |       |     2 |       ||     2
Armor: Robe              |    25 |    14 |    82 |    30 |       ||   151
       Skin              |       |    11 |       |       |       ||    11
       Acid dragon scale |       |       |       |    78 |       ||    78
       Troll leather arm |       |       |       |     1 |       ||     1
Dodge: Dodged            |    56 |    77 |   442 |   734 |       ||  1309

Table legend:
 A = Spawn XP
 B = Non-spawn XP
 C = Spawn XP percentage of total XP
 D = Spawn monster count
 E = Non-spawn monster count
 F = Spawn count percentage of total count
 G = Total turns spent on level
                    A         B        C        D         E        F      G
               +---------+---------+-------+---------+---------+-------+---------
         Total |    3390 |   23531 |  12.6 |      43 |     270 |  13.7 | 17906
               +---------+---------+-------+---------+---------+-------+---------
           D:1 |       6 |      35 |  14.6 |       3 |      18 |  14.3 |   994
           D:2 |       2 |      68 |   2.9 |       1 |      17 |   5.6 |  1098
           D:3 |      39 |     357 |   9.8 |       4 |      13 |  23.5 |   982
           D:4 |      24 |     227 |   9.6 |       2 |       6 |  25.0 |   857
           D:5 |       0 |     975 |   0.0 |       0 |      30 |   0.0 |   858
           D:6 |      20 |     821 |   2.4 |       7 |      32 |  17.9 |  2361
           D:7 |      14 |     938 |   1.5 |       2 |      14 |  12.5 |  1382
           D:8 |     259 |    1426 |  15.4 |       5 |      23 |  17.9 |  1825
           D:9 |     141 |    1486 |   8.7 |       1 |      22 |   4.3 |   963
          D:10 |     526 |    1549 |  25.3 |       6 |      19 |  24.0 |  1765
          D:11 |    1520 |    4083 |  27.1 |       8 |      26 |  23.5 |  2254
          D:12 |     720 |    4510 |  13.8 |       3 |      14 |  17.6 |  1428
          D:13 |     119 |    7056 |   1.7 |       1 |      36 |   2.7 |  1139
               +---------+---------+-------+---------+---------+-------+---------
